[ AOE2 MATCH · #483903055 ]
UnrankedBurgundians vs Chinese
[ REPLAY ANALYSIS · EXTRACTED FROM THE RECORDED GAME ]
Feudal
11:26
Castle
18:02
Imperial
33:56
| APM avg | 37.2 |
| APM peak | 81 |
| eAPM avg | 20.4 |
| Villagers / military | 151 / 59 |
Focus
⚔️ 27.6% · 🌾 72.4%
Knight ×23 · Fire Galley ×13 · Galley ×10 · Transport Ship ×10 · Fishing Ship ×4 · Trebuchet (Packed) ×2
Feudal
13:39
Castle
17:27
Imperial
33:55
| APM avg | 44.7 |
| APM peak | 68 |
| eAPM avg | 26.7 |
| Villagers / military | 114 / 60 |
Focus
⚔️ 35.8% · 🌾 64.2%
Chu Ko Nu ×42 · Fishing Ship ×41 · Unknown (2626) ×34 · Fire Galley ×11 · Trebuchet (Packed) ×7
Feudal
14:03
Castle
19:52
Imperial
—
| APM avg | 36.7 |
| APM peak | 70 |
| eAPM avg | 26.0 |
| Villagers / military | 145 / 26 |
Focus
⚔️ 27.9% · 🌾 72.1%
Spearman ×23 · Fishing Ship ×6 · Monk ×3
Feudal
13:46
Castle
17:05
Imperial
32:00
| APM avg | 58.5 |
| APM peak | 81 |
| eAPM avg | 33.4 |
| Villagers / military | 129 / 80 |
Focus
⚔️ 27.7% · 🌾 72.3%
Knight ×63 · Fishing Ship ×18 · Unknown (2626) ×6 · Camel Scout ×5 · Bombard Cannon ×4 · Monk ×3
Feudal
13:26
Castle
18:47
Imperial
35:02
| APM avg | 43.7 |
| APM peak | 82 |
| eAPM avg | 20.6 |
| Villagers / military | 87 / 47 |
Focus
⚔️ 22.8% · 🌾 77.2%
Leitis ×43 · Fishing Ship ×13 · Unknown (2626) ×3 · Demolition Raft ×3 · Monk ×1
Feudal
12:45
Castle
16:18
Imperial
35:56
| APM avg | 56.9 |
| APM peak | 94 |
| eAPM avg | 36.2 |
| Villagers / military | 223 / 28 |
Focus
⚔️ 22.7% · 🌾 77.3%
Elephant Archer ×20 · Fishing Ship ×8 · Trebuchet (Packed) ×4 · Unknown (2626) ×3 · Monk ×2 · Chakram Thrower ×2
Feudal
14:19
Castle
17:56
Imperial
32:56
| APM avg | 41.4 |
| APM peak | 108 |
| eAPM avg | 26.1 |
| Villagers / military | 140 / 45 |
Focus
⚔️ 36.5% · 🌾 63.5%
Fire Lancer ×22 · Unknown (2626) ×21 · Fishing Ship ×13 · War Wagon ×12 · Turtle Ship ×5 · Fire Galley ×4
Feudal
11:40
Castle
25:59
Imperial
—
| APM avg | 56.3 |
| APM peak | 84 |
| eAPM avg | 34.1 |
| Villagers / military | 156 / 80 |
Focus
⚔️ 34.9% · 🌾 65.1%
Kipchak ×50 · Fishing Ship ×32 · Unknown (2626) ×18 · Fire Galley ×15 · Petard ×7 · Demolition Raft ×6
Match map
Initial resources + every placement click. Lines = walls · curves = elevation contours. ◆ gold · ⬟ stone · ● berries · ✦ relic · ◌ wall gap
Your base· Open — unwalled flank
[R1] Pume's base· Open — unwalled flank
FYI Inc's base· Open — 3t gap
Oni.TaToH's base· Open — 4t gap
King-Arthur's base· Open — 6t gap
[R1] RumBa's base· Open — unwalled flank
_LY_lyx's base· Open — 5t gap
m0re's base· Open — 14t gap
Smoothed initial terrain · ◌ = detected wall gap · hover for details
Inputs per minute
— GlobalAss - - [R1] Pume
Build order — GlobalAss
First 150 of 348 actions detected
| 0:10 | Build | Town Center |
| 1:10 | Build | Dock |
| 2:26 | Create | Villager (Male) |
| 2:27 | Create | Villager (Male) |
| 2:27 | Create | Villager (Male) |
| 2:27 | Create | Villager (Male) |
| 2:28 | Create | Villager (Male) |
| 2:33 | Build | House |
| 3:28 | Create | Fishing Ship |
| 4:15 | Create | Villager (Male) |
| 4:16 | Create | Villager (Male) |
| 4:34 | Build | House |
| 4:49 | Create | Villager (Male) |
| 4:49 | Create | Villager (Male) |
| 5:12 | Create | Villager (Male) |
| 5:12 | Create | Villager (Male) |
| 5:14 | Create | Fishing Ship |
| 5:32 | Create | Villager (Male) |
| 5:32 | Create | Villager (Male) |
| 5:46 | Build | House |
| 5:56 | Create | Villager (Male) |
| 5:56 | Create | Villager (Male) |
| 6:17 | Create | Villager (Male) |
| 6:18 | Create | Villager (Male) |
| 6:19 | Create | Fishing Ship |
| 6:53 | Create | Villager (Male) |
| 6:53 | Create | Villager (Male) |
| 6:53 | Create | Villager (Male) |
| 7:01 | Build | House |
| 7:25 | Create | Fishing Ship |
| 7:44 | Create | Villager (Male) |
| 8:06 | Create | Villager (Male) |
| 8:29 | Build | Mining Camp |
| 8:34 | Create | Villager (Male) |
| 8:36 | Build | Palisade Wall |
| 8:49 | Build | Palisade Wall |
| 9:16 | Research | Feudal Age |
| 9:16 | Research | Feudal Age |
| 9:16 | Research | Feudal Age |
| 10:17 | Create | Villager (Male) |
| 10:46 | Build | Dock |
| 10:52 | Build | Mill |
| 11:24 | Create | Villager (Male) |
| 11:26 | Create | Villager (Male) |
| 11:26 | Age | Feudal Age |
| 11:36 | Create | Fire Galley |
| 11:36 | Create | Fire Galley |
| 11:46 | Build | House |
| 12:48 | Create | Villager (Male) |
| 12:48 | Create | Villager (Male) |
| 12:48 | Create | Villager (Male) |
| 12:52 | Build | House |
| 12:53 | Build | House |
| 13:28 | Build | Palisade Wall |
| 13:55 | Create | Villager (Male) |
| 14:01 | Build | Market |
| 14:05 | Build | Palisade Wall |
| 14:26 | Create | Villager (Male) |
| 14:43 | Build | Blacksmith |
| 14:46 | Build | House |
| 14:57 | Create | Villager (Male) |
| 15:05 | Build | Palisade Wall |
| 15:12 | Research | Castle Age |
| 15:12 | Research | Castle Age |
| 15:17 | Create | Fire Galley |
| 15:17 | Create | Fire Galley |
| 15:32 | Create | Demolition Raft |
| 16:02 | Build | Dock |
| 16:10 | Build | Dock |
| 16:27 | Build | Lumber Camp |
| 16:57 | Research | Double-Bit Axe |
| 16:57 | Research | Double-Bit Axe |
| 17:25 | Research | Town Watch |
| 17:44 | Create | Fire Galley |
| 17:44 | Create | Fire Galley |
| 18:02 | Age | Castle Age |
| 18:04 | Research | War Galley (upgrade) |
| 18:04 | Research | War Galley (upgrade) |
| 18:10 | Create | Fire Galley |
| 18:10 | Create | Fire Galley |
| 18:20 | Create | Villager (Male) |
| 18:20 | Create | Villager (Male) |
| 18:26 | Research | Bow Saw |
| 18:26 | Research | Bow Saw |
| 18:54 | Create | Villager (Male) |
| 18:54 | Create | Villager (Male) |
| 18:58 | Build | Town Center |
| 19:46 | Create | Transport Ship |
| 19:46 | Create | Transport Ship |
| 19:46 | Create | Transport Ship |
| 19:46 | Create | Transport Ship |
| 19:47 | Create | Transport Ship |
| 19:47 | Create | Transport Ship |
| 19:58 | Create | Galley |
| 19:58 | Create | Galley |
| 19:58 | Create | Galley |
| 19:58 | Create | Galley |
| 19:59 | Create | Galley |
| 20:09 | Create | Villager (Male) |
| 20:10 | Create | Villager (Male) |
| 20:10 | Create | Villager (Male) |
| 20:10 | Create | Villager (Male) |
| 20:10 | Create | Villager (Male) |
| 20:11 | Create | Villager (Male) |
| 20:30 | Build | Town Center |
| 20:44 | Create | Fire Galley |
| 20:44 | Create | Fire Galley |
| 20:47 | Create | Villager (Male) |
| 20:47 | Create | Villager (Male) |
| 20:48 | Create | Villager (Male) |
| 21:06 | Create | Villager (Male) |
| 21:06 | Create | Villager (Male) |
| 21:41 | Create | Villager (Male) |
| 21:41 | Create | Villager (Male) |
| 21:55 | Build | Farm |
| 21:55 | Build | Farm |
| 21:56 | Build | Farm |
| 21:56 | Build | Farm |
| 21:56 | Build | Farm |
| 21:56 | Build | Farm |
| 21:57 | Build | Farm |
| 21:57 | Build | Farm |
| 21:57 | Build | Farm |
| 22:03 | Build | House |
| 22:04 | Build | House |
| 22:06 | Build | House |
| 22:06 | Build | House |
| 22:32 | Create | Galley |
| 22:32 | Create | Galley |
| 22:34 | Create | Villager (Male) ×3 |
| 22:34 | Create | Villager (Male) ×3 |
| 23:03 | Create | Villager (Male) |
| 23:03 | Create | Villager (Male) |
| 23:03 | Create | Villager (Male) |
| 23:10 | Create | Galley |
| 23:10 | Create | Galley |
| 23:10 | Create | Galley |
| 23:14 | Build | House |
| 23:16 | Build | House |
| 23:17 | Build | House |
| 23:18 | Build | House |
| 23:27 | Create | Villager (Male) |
| 23:27 | Create | Villager (Male) |
| 23:49 | Research | Fletching |
| 23:49 | Research | Fletching |
| 24:14 | Create | Transport Ship |
| 24:14 | Create | Transport Ship |
| 24:14 | Create | Transport Ship |
| 24:14 | Create | Transport Ship |
| 24:22 | Create | Villager (Male) ×4 |
Build order — [R1] Pume
First 150 of 349 actions detected
| 0:21 | Build | Town Center |
| 0:26 | Build | Dock |
| 2:34 | Research | Loom |
| 3:05 | Create | Villager (Male) |
| 3:34 | Create | Villager (Male) |
| 3:59 | Create | Villager (Male) |
| 4:25 | Create | Villager (Male) |
| 4:32 | Create | Fishing Ship |
| 4:49 | Create | Villager (Male) |
| 5:14 | Create | Villager (Male) |
| 5:18 | Build | House |
| 5:39 | Create | Villager (Male) |
| 5:40 | Create | Fishing Ship |
| 5:59 | Create | Villager (Male) |
| 6:17 | Create | Fishing Ship |
| 6:45 | Create | Villager (Male) |
| 7:03 | Create | Fishing Ship |
| 7:16 | Build | Palisade Wall |
| 7:17 | Build | Palisade Wall |
| 7:17 | Build | Palisade Wall |
| 7:18 | Build | Palisade Wall |
| 7:23 | Build | House |
| 7:23 | Create | Villager (Male) |
| 7:47 | Build | Palisade Wall |
| 7:47 | Create | Fishing Ship |
| 7:55 | Create | Villager (Male) |
| 8:07 | Create | Fishing Ship |
| 8:14 | Build | Dock |
| 8:26 | Build | House |
| 8:28 | Create | Fishing Ship |
| 8:32 | Create | Villager (Male) |
| 8:32 | Create | Villager (Male) |
| 8:37 | Build | House |
| 8:54 | Create | Fishing Ship |
| 8:56 | Create | Villager (Male) |
| 9:17 | Create | Villager (Male) |
| 9:18 | Create | Fishing Ship |
| 9:21 | Create | Villager (Male) |
| 9:37 | Create | Fishing Ship |
| 9:47 | Create | Villager (Male) |
| 9:51 | Build | House |
| 10:00 | Create | Villager (Male) |
| 10:07 | Create | Villager (Male) |
| 10:10 | Create | Fishing Ship |
| 10:23 | Create | Villager (Male) |
| 10:28 | Create | Fishing Ship |
| 10:35 | Create | Villager (Male) |
| 10:40 | Create | Villager (Male) |
| 10:46 | Create | Villager (Male) |
| 10:49 | Create | Villager (Male) |
| 10:58 | Build | Lumber Camp |
| 11:04 | Create | Fishing Ship |
| 11:29 | Research | Feudal Age |
| 11:34 | Build | Mining Camp |
| 12:07 | Create | Fishing Ship |
| 12:09 | Create | Fishing Ship |
| 12:16 | Build | House |
| 12:36 | Build | Mill |
| 13:01 | Create | Villager (Male) |
| 13:28 | Create | Fishing Ship |
| 13:39 | Age | Feudal Age |
| 13:46 | Build | Market |
| 13:48 | Build | Blacksmith |
| 14:05 | Create | Villager (Male) |
| 14:08 | Build | Mining Camp |
| 14:35 | Research | Tech 906 |
| 14:47 | Research | Castle Age |
| 15:04 | Research | Double-Bit Axe |
| 15:07 | Create | Unit 2626 |
| 15:11 | Build | House |
| 15:42 | Create | Unit 2626 |
| 15:52 | Create | Unit 2626 |
| 16:09 | Create | Unit 2626 |
| 16:11 | Create | Villager (Male) |
| 16:42 | Create | Unit 2626 |
| 16:43 | Create | Unit 2626 |
| 16:44 | Create | Villager (Male) |
| 17:03 | Create | Unit 2626 |
| 17:05 | Build | House |
| 17:06 | Build | House |
| 17:17 | Research | Gold Mining |
| 17:27 | Age | Castle Age |
| 17:30 | Create | Villager (Male) |
| 17:43 | Research | War Galley (upgrade) |
| 17:44 | Create | Villager (Male) |
| 18:00 | Build | Castle |
| 18:02 | Create | Villager (Male) |
| 18:13 | Create | Villager (Male) |
| 18:20 | Research | Bow Saw |
| 18:27 | Create | Unit 2626 |
| 18:27 | Create | Unit 2626 |
| 18:30 | Build | House |
| 18:37 | Create | Villager (Male) |
| 18:54 | Create | Villager (Male) |
| 18:57 | Create | Unit 2626 |
| 19:06 | Create | Villager (Male) |
| 19:16 | Build | Lumber Camp |
| 19:22 | Build | House |
| 19:24 | Create | Unit 2626 |
| 19:35 | Create | Villager (Male) |
| 19:38 | Create | Villager (Male) |
| 19:43 | Create | Villager (Male) |
| 19:45 | Build | Outpost |
| 19:47 | Create | Villager (Male) |
| 20:02 | Create | Villager (Male) |
| 20:07 | Create | Villager (Male) |
| 20:09 | Create | Villager (Male) |
| 20:12 | Create | Villager (Male) |
| 20:24 | Research | Forging |
| 20:27 | Build | Dock |
| 20:28 | Create | Unit 2626 |
| 20:28 | Create | Unit 2626 |
| 20:29 | Create | Unit 2626 |
| 20:29 | Create | Unit 2626 |
| 20:29 | Create | Unit 2626 |
| 20:29 | Create | Villager (Male) |
| 20:34 | Create | Villager (Male) |
| 20:41 | Build | Town Center |
| 20:44 | Create | Villager (Male) |
| 20:50 | Create | Villager (Male) |
| 20:53 | Create | Unit 2626 |
| 20:53 | Create | Unit 2626 |
| 20:54 | Create | Villager (Male) |
| 21:23 | Create | Unit 2626 |
| 21:23 | Create | Unit 2626 |
| 21:46 | Create | Villager (Male) |
| 21:48 | Create | Villager (Male) |
| 21:50 | Create | Unit 2626 |
| 21:50 | Create | Unit 2626 |
| 21:50 | Create | Villager (Male) |
| 21:55 | Create | Villager (Male) |
| 21:59 | Create | Chu Ko Nu |
| 22:00 | Create | Chu Ko Nu |
| 22:00 | Create | Villager (Male) |
| 22:08 | Create | Unit 2626 |
| 22:11 | Create | Villager (Male) |
| 22:25 | Create | Villager (Male) |
| 22:28 | Create | Unit 2626 |
| 22:28 | Create | Unit 2626 |
| 22:30 | Create | Villager (Male) |
| 22:32 | Create | Villager (Male) |
| 22:38 | Create | Villager (Male) |
| 22:46 | Build | Dock |
| 22:58 | Create | Fire Galley |
| 23:03 | Create | Fire Galley |
| 23:03 | Create | Fire Galley |
| 23:04 | Create | Villager (Male) |
| 23:07 | Create | Villager (Male) |
| 23:28 | Create | Fire Galley |
| 23:29 | Create | Fire Galley |
Build order — FYI Inc
First 150 of 319 actions detected
| 0:21 | Build | Town Center |
| 0:49 | Build | Palisade Wall |
| 2:50 | Build | House |
| 2:50 | Create | Villager (Male) |
| 2:51 | Create | Villager (Male) |
| 3:06 | Build | Dock |
| 3:07 | Create | Villager (Male) |
| 3:08 | Create | Villager (Male) |
| 3:08 | Create | Villager (Male) |
| 3:50 | Build | Palisade Wall |
| 3:51 | Build | Palisade Wall |
| 4:32 | Research | Loom |
| 4:50 | Create | Fishing Ship |
| 4:50 | Create | Fishing Ship |
| 5:00 | Create | Villager (Male) |
| 5:01 | Create | Villager (Male) |
| 5:04 | Build | House |
| 5:38 | Create | Villager (Male) |
| 5:38 | Create | Villager (Male) |
| 6:03 | Create | Villager (Male) |
| 6:09 | Create | Fishing Ship |
| 6:18 | Build | House |
| 6:26 | Create | Villager (Male) |
| 6:47 | Create | Villager (Male) |
| 7:09 | Create | Villager (Male) |
| 7:09 | Create | Villager (Male) |
| 7:31 | Create | Villager (Male) |
| 7:32 | Create | Fishing Ship |
| 7:37 | Create | Villager (Male) |
| 7:59 | Build | House |
| 8:12 | Create | Villager (Male) |
| 8:13 | Create | Villager (Male) |
| 8:19 | Create | Fishing Ship |
| 8:51 | Create | Villager (Male) |
| 8:51 | Create | Villager (Male) |
| 9:11 | Build | House |
| 9:12 | Create | Villager (Male) |
| 9:29 | Build | Palisade Wall |
| 9:41 | Create | Villager (Male) |
| 9:44 | Build | Mill |
| 10:01 | Build | Palisade Wall |
| 10:06 | Create | Villager (Male) |
| 10:30 | Create | Villager (Male) |
| 10:45 | Build | Outpost |
| 10:59 | Create | Villager (Male) |
| 11:22 | Create | Villager (Male) |
| 11:38 | Build | Outpost |
| 11:45 | Research | Feudal Age |
| 11:57 | Create | Fishing Ship |
| 12:33 | Build | Barracks |
| 12:38 | Build | Palisade Wall |
| 13:09 | Build | Palisade Wall |
| 13:58 | Build | Palisade Wall |
| 14:02 | Build | Palisade Wall |
| 14:03 | Age | Feudal Age |
| 14:06 | Create | Villager (Male) |
| 14:14 | Build | Market |
| 14:16 | Create | Villager (Male) |
| 14:25 | Create | Spearman |
| 14:36 | Research | Town Watch |
| 14:38 | Build | House |
| 14:59 | Create | Villager (Male) |
| 15:15 | Build | Donjon |
| 15:24 | Create | Villager (Male) |
| 15:57 | Create | Villager (Male) |
| 16:13 | Build | Blacksmith |
| 16:14 | Create | Villager (Male) |
| 16:44 | Create | Villager (Male) |
| 17:09 | Research | Castle Age |
| 17:39 | Research | Fletching |
| 17:57 | Build | Lumber Camp |
| 19:52 | Age | Castle Age |
| 19:56 | Create | Villager (Male) |
| 19:58 | Build | Town Center |
| 20:03 | Build | House |
| 20:38 | Build | Town Center |
| 20:41 | Create | Villager (Male) |
| 20:50 | Create | Villager (Male) |
| 20:52 | Create | Villager (Male) |
| 21:07 | Build | Lumber Camp |
| 21:11 | Create | Villager (Male) |
| 21:11 | Create | Villager (Male) |
| 21:12 | Create | Villager (Male) |
| 21:18 | Create | Villager (Male) |
| 21:36 | Research | Double-Bit Axe |
| 21:36 | Research | Double-Bit Axe |
| 21:54 | Research | Horse Collar |
| 21:54 | Research | Horse Collar |
| 21:56 | Create | Villager (Male) |
| 21:57 | Create | Villager (Male) |
| 22:01 | Build | Farm |
| 22:10 | Build | House |
| 22:11 | Build | Palisade Wall |
| 22:22 | Build | Farm |
| 22:38 | Create | Villager (Male) |
| 22:39 | Create | Villager (Male) |
| 22:42 | Build | House |
| 22:43 | Build | Palisade Wall |
| 22:54 | Build | Monastery |
| 23:02 | Create | Villager (Male) |
| 23:09 | Create | Villager (Male) |
| 23:10 | Build | House |
| 23:10 | Create | Villager (Male) |
| 23:12 | Create | Villager (Male) |
| 23:19 | Build | Farm |
| 23:20 | Create | Villager (Male) |
| 23:23 | Create | Villager (Male) |
| 23:29 | Create | Monk |
| 23:31 | Create | Villager (Male) |
| 23:33 | Create | Villager (Male) |
| 23:35 | Build | Farm |
| 23:36 | Build | Farm |
| 23:46 | Build | House |
| 23:52 | Build | Farm |
| 23:58 | Create | Monk |
| 24:03 | Research | Wheelbarrow |
| 24:07 | Build | Farm |
| 24:18 | Build | House |
| 24:18 | Create | Villager (Male) |
| 24:20 | Create | Villager (Male) |
| 24:21 | Create | Villager (Male) |
| 24:30 | Create | Villager (Male) |
| 24:58 | Create | Villager (Male) |
| 25:03 | Create | Villager (Male) |
| 25:07 | Create | Monk |
| 25:09 | Build | House |
| 25:11 | Create | Villager (Male) |
| 25:11 | Create | Villager (Male) |
| 25:20 | Create | Villager (Male) |
| 25:26 | Build | Town Center |
| 25:34 | Create | Villager (Male) |
| 25:36 | Create | Villager (Male) |
| 25:40 | Build | Barracks |
| 25:42 | Create | Villager (Male) |
| 25:47 | Build | House |
| 25:47 | Build | House |
| 26:11 | Build | Mining Camp |
| 26:11 | Create | Villager (Male) |
| 26:16 | Build | Farm |
| 26:16 | Create | Villager (Male) |
| 26:20 | Create | Villager (Male) |
| 26:35 | Build | Farm |
| 26:36 | Build | Farm |
| 26:37 | Build | Farm |
| 26:39 | Create | Villager (Male) |
| 26:39 | Create | Villager (Male) |
| 26:46 | Create | Villager (Male) |
| 26:47 | Create | Villager (Male) |
| 26:48 | Build | Farm |
| 26:49 | Build | Farm |
Build order — Oni.TaToH
First 150 of 418 actions detected
| 0:14 | Build | Town Center |
| 0:35 | Build | Dock |
| 0:37 | Build | House |
| 2:31 | Create | Villager (Male) |
| 2:31 | Create | Villager (Male) |
| 2:31 | Create | Villager (Male) |
| 2:31 | Create | Villager (Male) |
| 2:32 | Create | Villager (Male) |
| 2:32 | Create | Villager (Male) |
| 2:34 | Create | Fishing Ship |
| 3:38 | Create | Villager (Male) |
| 3:41 | Build | House |
| 3:48 | Build | House |
| 3:58 | Build | House |
| 4:29 | Create | Fishing Ship |
| 4:38 | Create | Villager (Male) |
| 4:38 | Create | Villager (Male) |
| 5:07 | Create | Villager (Male) |
| 5:25 | Create | Villager (Male) |
| 5:29 | Create | Fishing Ship |
| 5:43 | Build | House |
| 5:51 | Create | Villager (Male) |
| 6:07 | Create | Villager (Male) |
| 6:36 | Create | Villager (Male) |
| 6:39 | Create | Fishing Ship |
| 6:56 | Create | Villager (Male) |
| 7:00 | Build | House |
| 7:04 | Create | Fishing Ship |
| 7:31 | Create | Villager (Male) |
| 7:32 | Build | House |
| 7:43 | Create | Fishing Ship |
| 8:13 | Create | Villager (Male) |
| 8:15 | Create | Fishing Ship |
| 8:36 | Create | Villager (Male) |
| 8:51 | Create | Villager (Male) |
| 9:00 | Build | House |
| 9:14 | Create | Fishing Ship |
| 9:20 | Create | Villager (Male) |
| 9:29 | Build | Mill |
| 9:36 | Build | Lumber Camp |
| 9:45 | Create | Fishing Ship |
| 9:47 | Create | Villager (Male) |
| 10:05 | Create | Villager (Male) |
| 10:16 | Build | Dock |
| 10:36 | Create | Villager (Male) |
| 10:38 | Create | Fishing Ship |
| 10:42 | Build | House |
| 10:53 | Create | Fishing Ship |
| 10:57 | Research | Loom |
| 11:06 | Create | Fishing Ship |
| 11:42 | Research | Feudal Age |
| 11:50 | Build | Barracks |
| 12:01 | Create | Fishing Ship |
| 12:03 | Create | Fishing Ship |
| 12:21 | Build | Outpost |
| 12:30 | Build | Palisade Wall |
| 12:39 | Build | Palisade Wall |
| 12:39 | Build | Palisade Wall |
| 12:48 | Build | Palisade Wall |
| 12:48 | Build | Palisade Wall |
| 13:08 | Build | Palisade Wall |
| 13:19 | Build | Palisade Wall |
| 13:22 | Build | Palisade Wall |
| 13:26 | Create | Villager (Male) |
| 13:46 | Age | Feudal Age |
| 13:48 | Build | Stable |
| 13:48 | Create | Villager (Male) |
| 13:49 | Create | Spearman |
| 13:54 | Build | Market |
| 14:12 | Research | Town Watch |
| 14:14 | Build | Outpost |
| 14:21 | Build | House |
| 14:40 | Research | Castle Age |
| 14:42 | Build | Blacksmith |
| 15:04 | Build | Watch Tower |
| 15:18 | Create | Spearman |
| 15:27 | Research | Tech 906 |
| 15:52 | Build | Lumber Camp |
| 16:02 | Build | House |
| 16:09 | Research | Double-Bit Axe |
| 16:32 | Build | Dock |
| 17:05 | Age | Castle Age |
| 17:07 | Create | Knight |
| 17:08 | Create | Villager (Male) |
| 17:09 | Research | Bow Saw |
| 17:14 | Create | Villager (Male) |
| 17:30 | Create | Villager (Male) |
| 17:43 | Create | Knight |
| 17:44 | Create | Villager (Male) |
| 17:50 | Research | Gillnets |
| 18:00 | Create | Villager (Male) |
| 18:14 | Create | Villager (Male) |
| 18:30 | Create | Villager (Male) |
| 18:47 | Build | Dock |
| 18:58 | Create | Villager (Male) |
| 19:05 | Research | Husbandry |
| 19:18 | Build | Town Center |
| 19:37 | Create | Knight |
| 19:42 | Create | Villager (Male) |
| 19:49 | Research | Wheelbarrow |
| 19:50 | Build | House |
| 19:51 | Build | House |
| 19:59 | Research | Forging |
| 20:16 | Create | Fishing Ship |
| 20:19 | Build | House |
| 20:23 | Build | Fish Trap |
| 20:24 | Build | Fish Trap |
| 20:24 | Build | Fish Trap |
| 20:26 | Create | Fishing Ship |
| 20:40 | Create | Villager (Male) |
| 21:02 | Create | Villager (Male) |
| 21:04 | Create | Villager (Male) |
| 21:09 | Build | Town Center |
| 21:15 | Create | Knight |
| 21:23 | Create | Fishing Ship |
| 21:24 | Create | Fishing Ship |
| 21:25 | Build | House |
| 21:27 | Build | House |
| 21:32 | Create | Villager (Male) |
| 21:41 | Create | Villager (Male) |
| 21:44 | Build | Monastery |
| 21:48 | Build | Farm |
| 21:49 | Research | Horse Collar |
| 21:50 | Create | Villager (Male) |
| 21:57 | Create | Villager (Male) |
| 21:58 | Build | Farm |
| 22:09 | Create | Villager (Male) |
| 22:11 | Build | Farm |
| 22:19 | Create | Villager (Male) |
| 22:31 | Create | Villager (Male) |
| 22:33 | Create | Monk |
| 22:35 | Build | Farm |
| 22:35 | Build | Farm |
| 22:36 | Build | Farm |
| 22:36 | Build | Farm |
| 22:55 | Create | Villager (Male) |
| 22:56 | Build | House |
| 22:58 | Create | Villager (Male) |
| 22:59 | Create | Villager (Male) |
| 23:00 | Build | Farm |
| 23:00 | Build | Farm |
| 23:04 | Create | Villager (Male) |
| 23:07 | Build | Mining Camp |
| 23:11 | Build | Fish Trap |
| 23:11 | Build | Fish Trap |
| 23:14 | Build | Fish Trap |
| 23:14 | Build | Fish Trap |
| 23:16 | Create | Villager (Male) |
| 23:22 | Research | Bloodlines |
| 23:26 | Create | Monk |
Build order — King-Arthur
First 150 of 290 actions detected
| 0:09 | Build | Town Center |
| 1:12 | Build | Dock |
| 1:14 | Build | House |
| 1:16 | Build | Palisade Wall |
| 2:30 | Create | Villager (Male) |
| 2:30 | Create | Villager (Male) |
| 2:31 | Create | Villager (Male) |
| 2:31 | Create | Villager (Male) |
| 2:31 | Create | Villager (Male) |
| 3:37 | Create | Fishing Ship |
| 3:56 | Create | Villager (Male) |
| 3:56 | Create | Villager (Male) |
| 4:06 | Build | House |
| 4:37 | Create | Villager (Male) |
| 4:43 | Create | Fishing Ship |
| 4:44 | Create | Fishing Ship |
| 4:50 | Build | House |
| 5:02 | Build | Palisade Wall |
| 5:11 | Research | Loom |
| 5:34 | Create | Fishing Ship |
| 5:35 | Create | Villager (Male) |
| 6:09 | Create | Villager (Male) |
| 6:15 | Create | Fishing Ship |
| 6:20 | Build | House |
| 6:41 | Create | Villager (Male) |
| 6:54 | Create | Villager (Male) |
| 6:54 | Create | Villager (Male) |
| 7:02 | Create | Fishing Ship |
| 7:06 | Create | Villager (Male) |
| 7:06 | Create | Villager (Male) |
| 7:23 | Create | Villager (Male) |
| 7:31 | Build | House |
| 7:48 | Create | Fishing Ship |
| 7:54 | Create | Villager (Male) |
| 8:14 | Create | Villager (Male) |
| 8:24 | Build | Dock |
| 8:32 | Build | House |
| 8:36 | Build | House |
| 8:45 | Create | Villager (Male) |
| 8:50 | Create | Fishing Ship |
| 9:16 | Build | House |
| 9:17 | Create | Villager (Male) |
| 9:26 | Create | Fishing Ship |
| 9:38 | Create | Fishing Ship |
| 9:41 | Create | Villager (Male) |
| 9:43 | Build | House |
| 9:55 | Create | Villager (Male) |
| 10:05 | Build | Mill |
| 10:18 | Build | Palisade Gate |
| 10:20 | Build | House |
| 10:33 | Create | Fishing Ship |
| 10:35 | Create | Villager (Male) |
| 10:49 | Build | House |
| 10:50 | Build | House |
| 10:52 | Build | Palisade Wall |
| 11:09 | Create | Fishing Ship |
| 11:15 | Research | Feudal Age |
| 11:24 | Build | Palisade Wall |
| 11:34 | Create | Fishing Ship |
| 11:55 | Build | Mining Camp |
| 12:26 | Create | Villager (Male) |
| 13:26 | Age | Feudal Age |
| 13:33 | Create | Unit 2626 |
| 13:36 | Create | Unit 2626 |
| 13:41 | Create | Villager (Male) |
| 13:46 | Build | Market |
| 14:00 | Create | Villager (Male) |
| 14:01 | Create | Villager (Male) |
| 14:05 | Build | Blacksmith |
| 14:44 | Create | Demolition Raft |
| 14:48 | Create | Demolition Raft |
| 14:52 | Create | Villager (Male) |
| 16:07 | Research | Castle Age |
| 16:08 | Research | Castle Age |
| 16:11 | Build | Mining Camp |
| 16:20 | Create | Demolition Raft |
| 16:33 | Build | Lumber Camp |
| 16:41 | Build | House |
| 16:50 | Create | Unit 2626 |
| 16:58 | Research | Horse Collar |
| 17:09 | Research | Double-Bit Axe |
| 17:09 | Research | Double-Bit Axe |
| 17:41 | Build | House |
| 17:43 | Create | Villager (Male) |
| 18:07 | Create | Villager (Male) |
| 18:40 | Build | House |
| 18:45 | Build | Farm |
| 18:47 | Age | Castle Age |
| 18:49 | Create | Villager (Male) |
| 18:50 | Create | Villager (Male) |
| 18:53 | Build | Farm |
| 18:53 | Build | Farm |
| 19:00 | Build | Farm |
| 19:01 | Build | Farm |
| 19:01 | Build | Farm |
| 19:25 | Build | Dock |
| 19:31 | Create | Villager (Male) |
| 19:51 | Build | Castle |
| 19:58 | Build | Stone Wall |
| 20:11 | Build | Farm |
| 20:12 | Build | Farm |
| 20:32 | Research | Tech 906 |
| 20:32 | Research | Tech 906 |
| 20:42 | Create | Villager (Male) |
| 20:46 | Create | Villager (Male) |
| 20:54 | Research | Bow Saw |
| 20:54 | Research | Bow Saw |
| 21:27 | Create | Leitis |
| 21:28 | Create | Leitis |
| 21:33 | Build | Monastery |
| 21:34 | Create | Villager (Male) |
| 21:35 | Create | Villager (Male) |
| 21:35 | Create | Villager (Male) |
| 21:35 | Create | Villager (Male) |
| 21:58 | Create | Monk |
| 22:05 | Build | Farm |
| 22:06 | Build | Farm |
| 22:08 | Create | Villager (Male) |
| 22:11 | Create | Leitis |
| 22:11 | Create | Leitis |
| 22:21 | Build | Farm |
| 22:21 | Build | Farm |
| 22:29 | Create | Leitis |
| 22:29 | Create | Leitis |
| 22:44 | Build | Farm |
| 22:45 | Build | Farm |
| 22:48 | Create | Villager (Male) |
| 23:03 | Create | Leitis |
| 23:03 | Create | Leitis |
| 23:09 | Research | Scale Barding Armor |
| 23:09 | Research | Scale Barding Armor |
| 23:29 | Build | Town Center |
| 23:31 | Create | Villager (Male) |
| 23:31 | Create | Villager (Male) |
| 23:41 | Create | Leitis |
| 23:41 | Create | Leitis |
| 23:41 | Create | Leitis |
| 24:10 | Create | Leitis |
| 24:35 | Create | Villager (Male) |
| 24:35 | Create | Villager (Male) |
| 24:37 | Create | Leitis |
| 24:38 | Create | Leitis |
| 24:44 | Create | Villager (Male) |
| 24:44 | Create | Villager (Male) |
| 24:44 | Create | Villager (Male) |
| 25:04 | Create | Villager (Male) |
| 25:06 | Build | House |
| 25:07 | Build | House |
| 25:26 | Research | Wheelbarrow |
| 25:26 | Research | Wheelbarrow |
Build order — [R1] RumBa
First 150 of 456 actions detected
| 0:21 | Build | Town Center |
| 1:00 | Build | Dock |
| 1:01 | Build | House |
| 3:05 | Create | Villager (Male) |
| 3:06 | Create | Villager (Male) |
| 3:06 | Create | Villager (Male) |
| 3:06 | Create | Villager (Male) |
| 3:06 | Create | Villager (Male) |
| 4:00 | Create | Villager (Male) |
| 4:00 | Create | Villager (Male) |
| 4:08 | Create | Fishing Ship |
| 5:04 | Build | House |
| 5:13 | Create | Villager (Male) |
| 5:37 | Create | Fishing Ship |
| 5:40 | Create | Villager (Male) |
| 6:04 | Create | Villager (Male) |
| 6:23 | Create | Fishing Ship |
| 6:33 | Create | Villager (Male) |
| 6:39 | Build | House |
| 6:46 | Build | Palisade Wall |
| 6:47 | Build | Palisade Wall |
| 6:57 | Create | Villager (Male) |
| 6:57 | Create | Villager (Male) |
| 7:20 | Create | Fishing Ship |
| 7:23 | Create | Villager (Male) |
| 7:36 | Build | House |
| 7:43 | Create | Villager (Male) |
| 8:05 | Create | Fishing Ship |
| 8:05 | Create | Fishing Ship |
| 8:19 | Create | Villager (Male) |
| 8:20 | Create | Villager (Male) |
| 8:21 | Create | Villager (Male) |
| 8:27 | Create | Villager (Male) |
| 8:27 | Create | Villager (Male) |
| 8:45 | Create | Fishing Ship |
| 8:45 | Create | Fishing Ship |
| 8:58 | Create | Villager (Male) |
| 9:13 | Build | Mill |
| 9:32 | Create | Villager (Male) |
| 9:32 | Create | Villager (Male) |
| 9:40 | Build | House |
| 10:04 | Build | House |
| 10:15 | Build | House |
| 10:30 | Research | Feudal Age |
| 10:30 | Research | Feudal Age |
| 11:21 | Build | Mining Camp |
| 11:52 | Build | Palisade Wall |
| 11:53 | Build | Palisade Wall |
| 12:00 | Build | Palisade Wall |
| 12:20 | Build | Palisade Wall |
| 12:26 | Build | Palisade Wall |
| 12:32 | Build | Palisade Wall |
| 12:40 | Create | Villager (Male) |
| 12:41 | Create | Villager (Male) |
| 12:45 | Age | Feudal Age |
| 12:46 | Create | Villager (Male) |
| 12:47 | Build | Market |
| 12:48 | Build | Blacksmith |
| 13:23 | Build | House |
| 13:31 | Research | Wheelbarrow |
| 13:38 | Research | Castle Age |
| 13:38 | Research | Castle Age |
| 13:51 | Build | Lumber Camp |
| 14:01 | Create | Unit 2626 |
| 14:30 | Build | House |
| 14:42 | Research | Double-Bit Axe |
| 14:42 | Research | Horse Collar |
| 15:07 | Create | Villager (Male) |
| 15:13 | Create | Unit 2626 |
| 16:18 | Age | Castle Age |
| 16:22 | Research | War Galley (upgrade) |
| 16:22 | Create | Villager (Male) |
| 16:23 | Create | Villager (Male) |
| 16:32 | Create | Villager (Male) |
| 16:48 | Build | Town Center |
| 16:48 | Create | Villager (Male) |
| 17:02 | Create | Villager (Male) |
| 17:02 | Create | Villager (Male) |
| 17:06 | Create | Villager (Male) |
| 17:16 | Create | Unit 2626 |
| 17:27 | Create | Villager (Male) |
| 17:35 | Create | Villager (Male) |
| 17:36 | Create | Villager (Male) |
| 17:44 | Create | Villager (Male) |
| 17:45 | Create | Villager (Male) |
| 17:52 | Create | Villager (Male) |
| 17:52 | Create | Villager (Male) |
| 18:22 | Create | Villager (Male) |
| 18:40 | Build | Town Center |
| 18:59 | Create | Villager (Male) |
| 18:59 | Create | Villager (Male) |
| 19:01 | Create | Villager (Male) |
| 19:12 | Build | Farm |
| 19:12 | Build | Farm |
| 19:13 | Build | Farm |
| 19:14 | Build | Farm |
| 19:18 | Build | Farm |
| 19:32 | Build | Farm |
| 19:42 | Build | Farm |
| 19:43 | Build | Farm |
| 19:44 | Build | Farm |
| 19:44 | Build | Farm |
| 19:45 | Create | Villager (Male) |
| 19:50 | Research | Loom |
| 19:50 | Research | Loom |
| 19:55 | Create | Villager (Male) |
| 19:55 | Create | Villager (Male) |
| 20:03 | Build | Outpost |
| 20:11 | Create | Villager (Male) |
| 20:11 | Create | Villager (Male) |
| 20:11 | Create | Villager (Male) |
| 20:14 | Build | Farm |
| 20:20 | Build | Outpost |
| 20:21 | Create | Villager (Male) |
| 20:38 | Create | Villager (Male) |
| 20:45 | Build | Lumber Camp |
| 20:53 | Create | Villager (Male) |
| 20:55 | Build | House |
| 20:58 | Build | House |
| 20:59 | Create | Villager (Male) |
| 21:05 | Build | Outpost |
| 21:06 | Build | Outpost |
| 21:11 | Research | Town Watch |
| 21:12 | Create | Villager (Male) |
| 21:12 | Create | Villager (Male) |
| 21:18 | Create | Villager (Male) |
| 21:32 | Create | Villager (Male) |
| 21:37 | Create | Villager (Male) |
| 21:40 | Build | Farm |
| 21:42 | Build | Farm |
| 21:45 | Build | Farm |
| 21:46 | Build | Farm |
| 21:47 | Create | Villager (Male) |
| 21:57 | Create | Villager (Male) |
| 21:57 | Create | Villager (Male) |
| 22:04 | Create | Villager (Male) |
| 22:04 | Create | Villager (Male) |
| 22:05 | Create | Villager (Male) |
| 22:11 | Build | Farm |
| 22:11 | Create | Villager (Male) |
| 22:13 | Build | Farm |
| 22:13 | Build | Farm |
| 22:21 | Build | Lumber Camp |
| 22:23 | Create | Villager (Male) |
| 22:23 | Create | Villager (Male) |
| 22:24 | Build | Farm |
| 22:29 | Create | Villager (Male) |
| 22:37 | Create | Villager (Male) |
| 22:47 | Create | Villager (Male) |
| 22:47 | Create | Villager (Male) |
Build order — _LY_lyx
First 150 of 363 actions detected
| 0:11 | Build | Town Center |
| 0:33 | Build | Dock |
| 2:25 | Build | House |
| 2:35 | Create | Villager (Male) |
| 2:35 | Create | Villager (Male) |
| 2:35 | Create | Villager (Male) |
| 2:37 | Create | Villager (Male) |
| 2:37 | Create | Villager (Male) |
| 3:38 | Create | Villager (Male) |
| 3:38 | Create | Villager (Male) |
| 3:50 | Create | Fishing Ship |
| 4:21 | Build | House |
| 4:30 | Create | Villager (Male) |
| 4:30 | Create | Villager (Male) |
| 4:31 | Create | Villager (Male) |
| 5:03 | Create | Villager (Male) |
| 5:03 | Create | Villager (Male) |
| 5:26 | Create | Fishing Ship |
| 5:28 | Create | Villager (Male) |
| 5:28 | Create | Villager (Male) |
| 5:28 | Create | Villager (Male) |
| 5:45 | Create | Villager (Male) |
| 5:45 | Create | Villager (Male) |
| 5:45 | Create | Villager (Male) |
| 5:45 | Create | Villager (Male) |
| 6:02 | Build | House |
| 6:04 | Create | Villager (Male) |
| 6:04 | Create | Villager (Male) |
| 6:26 | Create | Fishing Ship |
| 6:29 | Create | Villager (Male) |
| 6:30 | Create | Villager (Male) |
| 6:30 | Create | Villager (Male) |
| 6:56 | Create | Villager (Male) |
| 6:57 | Create | Villager (Male) |
| 7:08 | Build | House |
| 7:11 | Create | Villager (Male) |
| 7:11 | Create | Villager (Male) |
| 7:20 | Create | Fishing Ship |
| 7:36 | Create | Villager (Male) |
| 7:59 | Create | Fishing Ship |
| 8:19 | Create | Villager (Male) |
| 8:34 | Create | Villager (Male) |
| 8:38 | Build | House |
| 8:40 | Create | Fishing Ship |
| 9:02 | Build | Dock |
| 9:03 | Create | Villager (Male) |
| 9:19 | Create | Villager (Male) |
| 9:27 | Create | Fishing Ship |
| 9:42 | Create | Fishing Ship |
| 9:46 | Build | House |
| 9:49 | Create | Villager (Male) |
| 10:05 | Build | Lumber Camp |
| 10:08 | Create | Villager (Male) |
| 10:31 | Build | House |
| 10:36 | Build | House |
| 10:42 | Create | Fishing Ship |
| 10:43 | Create | Fishing Ship |
| 10:47 | Create | Villager (Male) |
| 11:07 | Build | Lumber Camp |
| 11:17 | Research | Loom |
| 11:25 | Create | Fishing Ship |
| 11:36 | Build | Mining Camp |
| 12:09 | Research | Feudal Age |
| 12:43 | Build | Mill |
| 12:47 | Create | Fishing Ship |
| 12:47 | Create | Fishing Ship |
| 13:44 | Build | Dock |
| 14:13 | Create | Villager (Male) |
| 14:19 | Age | Feudal Age |
| 14:22 | Build | Market |
| 14:24 | Build | Blacksmith |
| 14:41 | Create | Unit 2626 |
| 14:51 | Create | Villager (Male) |
| 15:02 | Create | Unit 2626 |
| 15:04 | Create | Unit 2626 |
| 15:08 | Research | Gold Mining |
| 15:11 | Build | House |
| 15:13 | Build | House |
| 15:14 | Research | Castle Age |
| 15:14 | Research | Castle Age |
| 15:33 | Research | Forging |
| 15:46 | Research | Double-Bit Axe |
| 15:47 | Research | Tech 906 |
| 15:50 | Create | Unit 2626 |
| 16:16 | Create | Unit 2626 |
| 16:30 | Create | Unit 2626 |
| 16:30 | Create | Fire Galley |
| 16:46 | Build | House |
| 16:46 | Build | House |
| 16:55 | Create | Fire Galley |
| 17:03 | Build | House |
| 17:19 | Create | Villager (Male) |
| 17:22 | Create | Fire Galley |
| 17:23 | Create | Unit 2626 |
| 17:39 | Research | Forging |
| 17:40 | Create | Villager (Male) |
| 17:54 | Build | House |
| 17:56 | Age | Castle Age |
| 18:01 | Research | War Galley (upgrade) |
| 18:03 | Research | Bow Saw |
| 18:04 | Create | Villager (Male) |
| 18:12 | Create | Unit 2626 |
| 18:34 | Build | Town Center |
| 18:42 | Build | Town Center |
| 18:48 | Create | Villager (Male) |
| 19:18 | Create | Villager (Male) |
| 19:23 | Build | Town Center |
| 19:34 | Create | Unit 2626 |
| 19:34 | Create | Unit 2626 |
| 19:34 | Create | Unit 2626 |
| 19:46 | Create | Villager (Male) |
| 20:05 | Build | Dock |
| 20:18 | Research | Wheelbarrow |
| 20:21 | Create | Turtle Ship |
| 20:21 | Create | Turtle Ship |
| 20:21 | Create | Turtle Ship |
| 20:37 | Create | Villager (Male) |
| 20:43 | Create | Villager (Male) |
| 20:59 | Create | Turtle Ship |
| 20:59 | Create | Turtle Ship |
| 21:02 | Create | Villager (Male) |
| 21:10 | Create | Villager (Male) |
| 21:24 | Create | Villager (Male) |
| 21:34 | Create | Villager (Male) |
| 21:52 | Create | Villager (Male) |
| 21:55 | Create | Villager (Male) |
| 21:56 | Research | Horse Collar |
| 21:57 | Research | Horse Collar |
| 22:02 | Create | Unit 2626 |
| 22:03 | Create | Unit 2626 |
| 22:03 | Create | Unit 2626 |
| 22:03 | Create | Unit 2626 |
| 22:18 | Create | Villager (Male) |
| 22:20 | Build | Farm |
| 22:21 | Build | Farm |
| 22:22 | Build | Farm |
| 22:23 | Build | Farm |
| 22:24 | Build | Farm |
| 22:26 | Build | Farm |
| 22:26 | Create | Villager (Male) |
| 22:28 | Build | Farm |
| 22:28 | Build | Farm |
| 22:32 | Create | Villager (Male) |
| 22:39 | Create | Villager (Male) |
| 22:41 | Create | Villager (Male) |
| 22:42 | Build | Farm |
| 22:43 | Build | Farm |
| 22:45 | Build | Farm |
| 22:46 | Build | Farm |
| 22:52 | Create | Unit 2626 |
Build order — m0re
First 150 of 380 actions detected
| 0:02 | Build | Town Center |
| 0:28 | Build | Dock |
| 0:30 | Build | House |
| 2:24 | Create | Villager (Male) |
| 2:25 | Create | Villager (Male) |
| 2:33 | Create | Villager (Male) |
| 2:33 | Create | Villager (Male) |
| 3:33 | Create | Villager (Male) |
| 3:34 | Create | Fishing Ship |
| 3:57 | Build | House |
| 4:28 | Create | Villager (Male) |
| 4:55 | Create | Villager (Male) |
| 4:58 | Create | Fishing Ship |
| 5:23 | Create | Villager (Male) |
| 5:28 | Build | House |
| 5:49 | Create | Villager (Male) |
| 5:59 | Create | Fishing Ship |
| 6:16 | Create | Villager (Male) |
| 6:30 | Create | Fishing Ship |
| 6:33 | Create | Villager (Male) |
| 6:53 | Create | Fishing Ship |
| 6:59 | Create | Villager (Male) |
| 7:13 | Build | House |
| 7:14 | Create | Villager (Male) |
| 7:31 | Research | Loom |
| 7:42 | Build | House |
| 7:53 | Create | Villager (Male) |
| 7:55 | Create | Villager (Male) |
| 8:11 | Create | Fishing Ship |
| 8:15 | Create | Villager (Male) |
| 8:34 | Build | Mining Camp |
| 9:06 | Create | Fishing Ship |
| 9:30 | Research | Feudal Age |
| 9:57 | Build | Dock |
| 10:53 | Build | House |
| 10:53 | Build | House |
| 11:08 | Build | House |
| 11:30 | Create | Villager (Male) |
| 11:40 | Age | Feudal Age |
| 11:41 | Create | Unit 2626 |
| 11:41 | Create | Unit 2626 |
| 11:46 | Build | Town Center |
| 11:54 | Create | Villager (Male) |
| 12:05 | Create | Villager (Male) |
| 12:11 | Create | Unit 2626 |
| 12:52 | Create | Unit 2626 |
| 12:53 | Create | Villager (Male) |
| 12:54 | Create | Villager (Male) |
| 13:06 | Create | Unit 2626 |
| 13:29 | Create | Villager (Male) |
| 13:32 | Create | Villager (Male) |
| 13:32 | Create | Villager (Male) |
| 13:33 | Create | Fire Galley |
| 13:59 | Create | Fire Galley |
| 14:00 | Create | Villager (Male) |
| 14:02 | Create | Villager (Male) |
| 14:03 | Build | House |
| 14:06 | Create | Villager (Male) |
| 14:09 | Create | Fire Galley |
| 14:14 | Create | Villager (Male) |
| 14:43 | Create | Fire Galley |
| 14:43 | Create | Fire Galley |
| 14:48 | Create | Galley |
| 14:48 | Create | Galley |
| 14:52 | Create | Unit 2626 |
| 14:52 | Create | Unit 2626 |
| 14:56 | Create | Villager (Male) |
| 14:58 | Build | House |
| 15:05 | Build | House |
| 15:05 | Build | House |
| 15:18 | Create | Fire Galley |
| 15:18 | Create | Fire Galley |
| 15:18 | Create | Fire Galley |
| 15:20 | Create | Unit 2626 |
| 15:21 | Create | Villager (Male) |
| 15:25 | Build | Dock |
| 15:51 | Create | Fire Galley ×2 |
| 15:51 | Create | Fire Galley ×2 |
| 15:54 | Create | Villager (Male) |
| 15:54 | Create | Villager (Male) |
| 16:05 | Create | Villager (Male) |
| 16:13 | Create | Villager (Male) |
| 16:19 | Build | House |
| 16:19 | Build | House |
| 16:20 | Build | House |
| 16:26 | Create | Unit 2626 |
| 16:26 | Create | Unit 2626 |
| 16:30 | Create | Villager (Male) |
| 16:49 | Create | Villager (Male) |
| 16:56 | Create | Villager (Male) |
| 17:03 | Create | Unit 2626 |
| 17:03 | Create | Unit 2626 |
| 17:03 | Create | Unit 2626 |
| 17:05 | Create | Villager (Male) |
| 17:19 | Build | House |
| 17:20 | Build | House |
| 17:21 | Build | House |
| 17:22 | Create | Villager (Male) |
| 17:22 | Create | Villager (Male) |
| 17:30 | Create | Unit 2626 |
| 17:31 | Create | Unit 2626 |
| 17:54 | Create | Villager (Male) |
| 18:02 | Create | Villager (Male) |
| 18:05 | Create | Fishing Ship |
| 18:06 | Create | Fishing Ship |
| 18:07 | Create | Villager (Male) |
| 18:12 | Build | Dock |
| 18:14 | Create | Villager (Male) |
| 18:21 | Create | Villager (Male) |
| 18:21 | Create | Fishing Ship |
| 18:32 | Create | Fishing Ship |
| 18:40 | Research | Tech 906 |
| 18:46 | Create | Villager (Male) |
| 19:06 | Build | Mill |
| 19:07 | Create | Villager (Male) |
| 19:08 | Build | Outpost |
| 19:09 | Research | Town Watch |
| 19:10 | Create | Villager (Male) |
| 19:13 | Build | Mining Camp |
| 19:13 | Create | Villager (Male) |
| 19:20 | Create | Fishing Ship |
| 19:45 | Create | Fishing Ship |
| 19:45 | Create | Fishing Ship |
| 19:56 | Create | Villager (Male) |
| 20:01 | Create | Villager (Male) |
| 20:02 | Build | Outpost |
| 20:11 | Create | Villager (Male) |
| 20:23 | Create | Demolition Raft |
| 20:24 | Create | Demolition Raft |
| 20:24 | Create | Demolition Raft |
| 20:24 | Create | Demolition Raft |
| 20:25 | Create | Villager (Male) |
| 20:49 | Build | Farm |
| 20:50 | Build | Farm |
| 20:50 | Build | Farm |
| 20:50 | Build | Farm |
| 20:51 | Build | Farm |
| 20:51 | Build | Farm |
| 20:51 | Build | Farm |
| 20:54 | Create | Villager (Male) |
| 20:54 | Create | Villager (Male) |
| 20:54 | Create | Villager (Male) |
| 20:55 | Create | Villager (Male) |
| 21:04 | Create | Villager (Male) |
| 21:11 | Create | Demolition Raft |
| 21:11 | Create | Demolition Raft |
| 21:36 | Build | House |
| 21:36 | Build | House |
| 21:38 | Create | Villager (Male) |
| 21:50 | Create | Villager (Male) |
Match timeline
| 0:26 | [R1] Pume · first_building Dock |
| 0:28 | m0re · first_building Dock |
| 0:33 | _LY_lyx · first_building Dock |
| 0:35 | Oni.TaToH · first_building Dock |
| 0:49 | FYI Inc · wall_segment Palisade Wall x1 |
| 1:00 | [R1] RumBa · first_building Dock |
| 1:10 | GlobalAss · first_building Dock |
| 1:12 | King-Arthur · first_building Dock |
| 1:16 | King-Arthur · wall_segment Palisade Wall x1 |
| 3:06 | FYI Inc · first_building Dock |
| 3:50 | FYI Inc · wall_segment Palisade Wall x1 |
| 3:51 | FYI Inc · wall_segment Palisade Wall x1 |
| 5:02 | King-Arthur · wall_segment Palisade Wall x3 |
| 6:46 | [R1] RumBa · wall_segment Palisade Wall x1 |
| 6:47 | [R1] RumBa · wall_segment Palisade Wall x1 |
| 7:16 | [R1] Pume · wall_segment Palisade Wall x1 |
| 7:17 | [R1] Pume · wall_segment Palisade Wall x1 |
| 7:17 | [R1] Pume · wall_segment Palisade Wall x1 |
| 7:18 | [R1] Pume · wall_segment Palisade Wall x1 |
| 7:47 | [R1] Pume · wall_segment Palisade Wall x1 |
| 8:36 | GlobalAss · wall_segment Palisade Wall x1 |
| 8:49 | GlobalAss · wall_segment Palisade Wall x1 |
| 9:29 | FYI Inc · wall_segment Palisade Wall x1 |
| 10:01 | FYI Inc · wall_segment Palisade Wall x10 |
| 10:52 | King-Arthur · wall_segment Palisade Wall x1 |
| 11:24 | King-Arthur · wall_segment Palisade Wall x1 |
| 11:26 | GlobalAss · age_up feudal |
| 11:40 | m0re · age_up feudal |
| 11:50 | Oni.TaToH · first_building Barracks |
| 11:52 | [R1] RumBa · wall_segment Palisade Wall x1 |
| 11:53 | [R1] RumBa · wall_segment Palisade Wall x1 |
| 12:00 | [R1] RumBa · wall_segment Palisade Wall x1 |
| 12:20 | [R1] RumBa · wall_segment Palisade Wall x1 |
| 12:26 | [R1] RumBa · wall_segment Palisade Wall x1 |
| 12:30 | Oni.TaToH · wall_segment Palisade Wall x1 |
| 12:32 | [R1] RumBa · wall_segment Palisade Wall x1 |
| 12:33 | FYI Inc · first_building Barracks |
| 12:38 | FYI Inc · wall_segment Palisade Wall x1 |
| 12:39 | Oni.TaToH · wall_segment Palisade Wall x1 |
| 12:39 | Oni.TaToH · wall_segment Palisade Wall x1 |
| 12:45 | [R1] RumBa · age_up feudal |
| 12:48 | Oni.TaToH · wall_segment Palisade Wall x1 |
| 12:48 | Oni.TaToH · wall_segment Palisade Wall x1 |
| 13:08 | Oni.TaToH · wall_segment Palisade Wall x1 |
| 13:09 | FYI Inc · wall_segment Palisade Wall x1 |
| 13:19 | Oni.TaToH · wall_segment Palisade Wall x1 |
| 13:22 | Oni.TaToH · wall_segment Palisade Wall x1 |
| 13:26 | King-Arthur · age_up feudal |
| 13:28 | GlobalAss · wall_segment Palisade Wall x7 |
| 13:39 | [R1] Pume · age_up feudal |
| 13:46 | Oni.TaToH · age_up feudal |
| 13:48 | Oni.TaToH · first_building Stable |
| 13:58 | FYI Inc · wall_segment Palisade Wall x1 |
| 14:02 | FYI Inc · wall_segment Palisade Wall x1 |
| 14:03 | FYI Inc · age_up feudal |
| 14:05 | GlobalAss · wall_segment Palisade Wall x3 |
| 14:19 | _LY_lyx · age_up feudal |
| 15:05 | GlobalAss · wall_segment Palisade Wall x1 |
| 15:15 | FYI Inc · first_building Donjon |
| 15:20 | King-Arthur · first_market_sell 100 wood |
| 16:18 | [R1] RumBa · age_up castle |
| 17:02 | King-Arthur · first_market_buy 100 food |
| 17:05 | Oni.TaToH · age_up castle |
| 17:08 | FYI Inc · first_market_sell 100 food |
| 17:27 | [R1] Pume · age_up castle |
| 17:39 | [R1] Pume · first_market_sell 100 food |
| 17:41 | [R1] Pume · first_market_buy 100 wood |
| 17:56 | _LY_lyx · age_up castle |
| 18:00 | [R1] Pume · first_building Castle |
| 18:02 | GlobalAss · age_up castle |
| 18:47 | King-Arthur · age_up castle |
| 19:16 | Oni.TaToH · first_market_buy 100 stone |
| 19:51 | King-Arthur · first_building Castle |
| 19:51 | [R1] RumBa · first_market_buy 100 food |
| 19:52 | FYI Inc · age_up castle |
| 19:58 | King-Arthur · wall_segment Stone Wall x7 |
| 21:05 | FYI Inc · first_market_buy 100 wood |
| 21:33 | King-Arthur · first_building Monastery |
| 21:44 | Oni.TaToH · first_building Monastery |
| 22:11 | FYI Inc · wall_segment Palisade Wall x1 |
| 22:43 | [R1] RumBa · first_market_sell 100 wood |
| 22:43 | FYI Inc · wall_segment Palisade Wall x1 |
| 22:54 | FYI Inc · first_building Monastery |
| 23:04 | m0re · first_market_buy 100 food |
| 23:06 | m0re · first_market_sell 100 stone |
| 23:32 | [R1] RumBa · first_building Monastery |
| 24:16 | Oni.TaToH · wall_segment Palisade Wall x1 |
| 24:21 | Oni.TaToH · wall_segment Palisade Wall x1 |
| 25:39 | GlobalAss · wall_segment Stone Wall x2 |
| 25:42 | GlobalAss · wall_segment Stone Wall x1 |
| 25:57 | m0re · wall_segment Palisade Wall x1 |
| 25:59 | m0re · age_up castle |
| 26:08 | m0re · first_building Castle |
| 26:16 | [R1] RumBa · wall_segment Palisade Wall x1 |
| 26:16 | m0re · first_building Barracks |
| 26:20 | [R1] RumBa · wall_segment Palisade Wall x2 |
| 26:25 | m0re · wall_segment Palisade Wall x1 |
| 26:30 | m0re · wall_segment Palisade Wall x1 |
| 26:35 | GlobalAss · wall_segment Stone Wall x1 |
| 26:36 | GlobalAss · wall_segment Stone Wall x1 |
| 26:54 | GlobalAss · first_market_buy 100 food |
| 27:15 | _LY_lyx · first_building Castle |
| 27:24 | _LY_lyx · first_building Monastery |
| 27:31 | [R1] Pume · wall_segment Palisade Wall x1 |
| 29:03 | m0re · first_building Stable |
| 29:08 | Oni.TaToH · first_market_sell 100 wood |
| 29:37 | [R1] RumBa · wall_segment Palisade Wall x1 |
| 29:37 | _LY_lyx · first_market_sell 100 food |
| 29:38 | [R1] RumBa · wall_segment Palisade Wall x1 |
| 30:09 | _LY_lyx · wall_segment Stone Wall x1 |
| 30:10 | _LY_lyx · wall_segment Stone Wall x1 |
| 30:19 | [R1] RumBa · first_building Castle |
| 30:20 | GlobalAss · first_building Monastery |
| 30:22 | [R1] Pume · first_building Monastery |
| 30:43 | GlobalAss · first_market_sell 100 food |
| 30:57 | _LY_lyx · wall_segment Stone Wall x1 |
| 30:58 | _LY_lyx · wall_segment Stone Wall x1 |
| 30:59 | _LY_lyx · wall_segment Stone Wall x1 |
| 31:16 | GlobalAss · first_building Castle |
| 31:27 | [R1] RumBa · first_building Barracks |
| 31:57 | GlobalAss · first_building Barracks |
| 32:00 | Oni.TaToH · age_up imperial |
| 32:10 | [R1] RumBa · first_building Archery Range |
| 32:20 | _LY_lyx · first_building Barracks |
| 32:40 | Oni.TaToH · first_building Castle |
| 32:54 | GlobalAss · first_building Stable |
| 32:56 | _LY_lyx · age_up imperial |
| 33:00 | [R1] RumBa · first_building Stable |
| 33:13 | Oni.TaToH · first_building Siege Workshop |
| 33:22 | King-Arthur · first_building Barracks |
| 33:45 | FYI Inc · first_building Castle |
| 33:47 | King-Arthur · first_building Stable |
| 33:55 | [R1] Pume · age_up imperial |
| 33:56 | GlobalAss · age_up imperial |
| 34:29 | _LY_lyx · wall_segment Stone Wall x1 |
| 34:30 | _LY_lyx · wall_segment Stone Wall x1 |
| 34:31 | _LY_lyx · wall_segment Stone Wall x1 |
| 34:49 | [R1] Pume · first_building Barracks |
| 35:02 | King-Arthur · age_up imperial |
| 35:31 | [R1] Pume · first_building Archery Range |
| 35:56 | [R1] RumBa · age_up imperial |
| 36:42 | [R1] RumBa · wall_segment Stone Wall x18 |
| 36:58 | _LY_lyx · resign |
| 37:07 | [R1] Pume · tribute_sent a jugador 2 |
| 37:07 | [R1] Pume · tribute_sent a jugador 3 |
| 37:07 | [R1] Pume · tribute_sent a jugador 4 |
| 37:07 | [R1] Pume · tribute_sent a jugador 5 |
| 37:07 | [R1] Pume · tribute_sent a jugador 6 |
| 37:07 | [R1] Pume · tribute_sent a jugador 7 |
| 37:07 | [R1] Pume · tribute_sent a jugador 8 |
| 37:14 | [R1] Pume · tribute_sent a jugador 2 |
| 37:14 | [R1] Pume · tribute_sent a jugador 3 |
| 37:14 | [R1] Pume · tribute_sent a jugador 4 |
| 37:14 | [R1] Pume · tribute_sent a jugador 5 |
| 37:14 | [R1] Pume · tribute_sent a jugador 6 |
| 37:14 | [R1] Pume · tribute_sent a jugador 7 |
| 37:14 | [R1] Pume · tribute_sent a jugador 8 |
[ AI ANALYSIS · 1 CREDIT ]
What really happened in this match?
Wolo.gg analyzes every decision: build order, eco, micro, common mistakes by bracket. Personalized analysis on WhatsApp or Discord in 30 seconds.
Civ guide
Burgundians
Perfil
Jugador #8758277